 Dungeon Crawl Stone Soup version 0.20-a0-1124-g2e29d97 (webtiles) character file.

246065 HAL9000 the Fencer (level 19, -7/124 HPs)
             Began as a Gargoyle Gladiator on May 12, 2017.
             Was the Champion of Wu Jian.
             Killed by the air
             ... invoked by a spriggan air mage
             ... led by the Enchantress
              (36 damage)
             ... on level 2 of the Depths on May 15, 2017.
             The game lasted 02:10:22 (38592 turns).

HAL9000 the Fencer (Gargoyle Gladiator)            Turns: 38592, Time: 02:10:22

Health: -7/124     AC: 37    Str: 23    XL:     19   Next: 49%
Magic:  26/26      EV: 11    Int: 16    God:    Wu Jian [******]
Gold:   2214       SH: 18    Dex: 10    Spells: 12/18 levels left

rFire    + + .     SeeInvis .   S - +8 double sword (holy)
rCold    + + .     Gourm    .   K - +1 shield
rNeg     + + .     Faith    .   f - +1 chain mail of Midnight {Int+2 Dex-2 Slay+3}
rPois    ∞         Spirit   .   R - +2 helmet of the Moon Troll {Int+4}
rElec    +         Reflect  +   D - scarf {rC+ rF+}
rCorr    .         Harm     .   C - +2 pair of gloves
MR       ++++.                  t - +0 pair of boots "Techub" {rN+ Regen+ Int+4}
Stlth    ..........             N - +3 amulet of reflection
Regen    0.7/turn               M - +4 ring of slaying
MPRegen  0.2/turn               B - ring "Mulyoxze" {rF+ rC+ MR+++ Int-5 Slay+2}

@: flying, glowing, heavenly storm
A: big wings, negative energy resistance 1, electricity resistance, unbreathing,
petrification resistance, rot immunity, AC +13
}: 2/15 runes: decaying, serpentine
a: Stop Flying, Serpent's Lash, Heavenly Storm, Renounce Religion


You were on level 2 of the Depths.
You worshipped Wu Jian.
Wu Jian was exalted by your worship.
You were hungry.

You visited 6 branches of the dungeon, and saw 33 of its levels.
You visited 1 bazaar.
You also visited: Sewer.

You collected 3504 gold pieces.
You spent 1290 gold pieces at shops.

Inventory:

Hand Weapons
 S - a +8 double sword of holy wrath (weapon)
Missiles
 d - 2 throwing nets
 p - 7 silver tomahawks
 w - 31 tomahawks
 y - 4 steel tomahawks (quivered)
Armour
 f - the +1 chain mail of Midnight (worn) {Int+2 Dex-2 Slay+3}
   (You found it on level 15 of the Dungeon)

   It affects your intelligence (+2).
   It affects your dexterity (-2).
   It affects your accuracy and damage with ranged weapons and melee attacks
   (+3).
 t - the +0 pair of boots "Techub" (worn) {rN+ Regen+ Int+4}
   (You found it on level 12 of the Dungeon)

   It affects your intelligence (+4).
   It protects you from negative energy.
   It increases your rate of regeneration.
 C - a +2 pair of gloves (worn)
 D - a scarf of resistance (worn)
 K - a +1 shield (worn)
 R - the +2 helmet of the Moon Troll (worn) {Int+4}
   (You found it on level 6 of the Lair of Beasts)

   It affects your intelligence (+4).
Jewellery
 j - a +4 ring of evasion
 r - an uncursed ring of see invisible
 B - the ring "Mulyoxze" (right hand) {rF+ rC+ MR+++ Int-5 Slay+2}
   (You found it on level 10 of the Dungeon)

   [ring of slaying]

   It affects your intelligence (-5).
   It affects your accuracy and damage with ranged weapons and melee attacks
   (+2).
   It protects you from fire.
   It protects you from cold.
   It affects your resistance to hostile enchantments.
 F - a cursed ring of wizardry {unknown}
 M - a +4 ring of slaying (left hand)
 N - a +3 amulet of reflection (around neck)
Wands
 P - a wand of digging (20/24)
 Q - a wand of digging (17/24)
Scrolls
 l - 2 scrolls of holy word
 m - 12 scrolls of remove curse
 n - 8 scrolls of magic mapping
 q - 2 scrolls of fog
 s - 11 scrolls of teleportation
 z - 2 scrolls of blinking
 H - 2 scrolls of fear
 O - 4 scrolls of identify
 W - a scroll of silence
Potions
 a - 4 potions of cancellation
 h - 4 potions of might
 k - 14 potions of curing
 o - a potion of haste
 u - 3 potions of resistance
 v - 4 potions of brilliance
 E - a potion of berserk rage
 T - 2 potions of agility
 U - a potion of heal wounds
 V - 3 potions of invisibility
 Z - 2 potions of ambrosia
Miscellaneous
 g - a fan of gales
 A - a fan of gales
 I - 2 phantom mirrors
 J - a lightning rod (4/4)
Comestibles
 i - 13 royal jellies
 G - 32 fruits
 L - 16 meat rations
 X - a bread ration
 Y - 6 chunks of flesh


   Skills:
 + Level 15.3 Fighting
 - Level 16.0 Long Blades
 + Level 11.3 Throwing
 + Level 14.8 Armour
 + Level 6.9 Dodging
 - Level 15.2 Shields
 - Level 10.3 Evocations


You had 12 spell levels left.
You knew the following spells:

 Your Spells              Type           Power        Failure   Level  Hunger
a - Teleport Other        Tloc           #.......     98%         3    ####...
d - Blink                 Tloc           N/A          86%         2    ###....
o - Apportation           Tloc           #.....       75%         1    ##.....


Dungeon Overview and Level Annotations

Branches:
Dungeon (15/15)            Temple (0/1) D:4            Lair (6/6) D:9
  Swamp (4/4) Lair:3        Snake (4/4) Lair:3        Slime (0/5) Lair:6
    Orc (2/2) D:9             Elf (0/3) Orc:2        Vaults (0/5) D:14
 Depths (2/5) D:15

Altars:
Ashenzari
Dithmenos
Gozag
Makhleb
Nemelex Xobeh
Okawaru
Ru
Sif Muna
Uskayaw
Vehumet
Wu Jian
The Shining One

Shops:
D:9 [   Orc:2 [*:=   Depths:1 *

Portals:
Hell: Depths:1

Annotations:
Depths:2 the Enchantress


Innate Abilities, Weirdness & Mutations

You are resistant to torment.
Your stone body is resilient. (AC +13)
You are immune to poison.
Your large and strong wings let you fly indefinitely.
You resist negative energy. (rN+)
You are resistant to electric shocks. (rElec)
You can survive without breathing.
You are immune to petrification.
You are immune to rotting.


Message History

The ettin hits you with a dire flail of draining!!
* * * LOW HITPOINT WARNING * * *
The ettin hits you but does no damage.
Unknown command.
You slice the ettin like a ripe choko!!!
You kill the ettin!
The Council accepts your kill.
You are feeling hungry.
You block the spriggan defender's attack.
The spriggan rider hits you from afar with a spear.
* * * LOW HITPOINT WARNING * * *
The spriggan defender hits you but does no damage.
The spriggan defender blocks your attack.
You block the spriggan defender's attack.
The spriggan defender closely misses you.
You block the spriggan defender's attack.
You block the spriggan rider's attack.
The spriggan air mage waves its arms in wide circles.
The air twists around and violently strikes you in flight!
You die...

######## #......#
#.####.# ##### #.# #.#
#...# #.# #.# #..$#
#######'## #.# #.i§#
#........# #.#
(.###.§i####........###.#
......§i@§§'.)......'..>#
.ii..!ii####.....[..#####


.ii..iii# #........# ......=.# #........# ........# #...)....# ........#
###'###### ........######.....# ........#..(.....#.### #........'.#<# You could
see 3 spriggan defenders, a spriggan rider and 3 spriggan air magi.

Vanquished Creatures
  3 thorn hunters
  Kirke (Swamp:4)
  Roxanne (Snake:1)
  A fire giant (Depths:1)
  A shadow dragon (D:12)
  Donald (Swamp:2)
  12 nagarajas
  Aizul (Swamp:4)
  Louise (Swamp:4)
  2 frost giants (D:12)
  2 stone giants
  The ghost of Lochraine the Grappler, a journeyman DrTm of Makhleb (Lair:5)
  Josephine (Snake:1)
  2 ettins (Depths:2)
  3 great orbs of eyes
  2 fire dragons (Depths:1)
  19 naga warriors
  A rakshasa (Depths:1)
  20 hydras
  8 vault guards (D:14)
  3 ice dragons (Depths:1)
  A ghost crab (Swamp:4)
  Erica (Orc:1)
  4 centaur warriors
  An anaconda (shapeshifter) (D:15)
  6 two-headed ogres
  7 alligators
  4 anacondas
  A deep troll earth mage (D:12)
  An orc high priest (Orc:2)
  6 shock serpents
  A spriggan (Swamp:1)
  16 naga sharpshooters
  A vampire mage (Depths:1)
  The ghost of Wiebster667 the Frost Mage, a novice HuIE of Sif Muna (D:9)
  A salamander mystic (Snake:3)
  A skeletal warrior (D:12)
  2 spriggan druids (Swamp:4)
  A shambling mangrove (Swamp:1)
  2 unseen horrors
  A deep elf archer (D:15)
  12 swamp dragons
  A deep troll (D:15)
  6 naga ritualists
  Pikel (D:8)
  A harpy (shapeshifter) (D:12)
  4 orc knights (Orc:2)
  8 ugly things
  8 mana vipers
  3 orc sorcerers (Orc:1)
  4 oklob plants
  18 slime creatures
  2 deep elf magi (D:12)
  11 salamanders
  4 manticores (D:14)
  4 cyclopes
  2 orange demons (D:14)
  19 naga magi
  Joseph (D:7)
  11 elephants (Lair:4)
  3 guardian serpents
  41 black mambas
  3 gargoyles
  31 spiny frogs
  13 rime drakes
  10 yaktaurs (Depths:1)
  10 komodo dragons
  2 freezing wraiths
  A tengu conjurer (D:13)
  A merfolk (D:10)
  4 trolls
  15 tyrant leeches
  7 hornets
  9 hippogriffs
  4 bog bodies
  7 dream sheep (Lair:5)
  28 blink frogs
  A centaur simulacrum (D:12)
  2 wyverns
  4 wraiths (Snake:1)
  55 yaks
  5 shadows
  2 vampires (Depths:1)
  9 basilisks
  7 fire bats
  4 hogs (Swamp:4)
  3 hungry ghosts
  8 steam dragons (Lair:3)
  20 vampire mosquitoes
  Menkaure (D:7)
  21 swamp worms
  3 wargs (Orc:2)
  5 insubstantial wisps (Swamp:1)
  Edmund (D:5)
  3 acid dragons
  66 nagas
  Duvessa (D:5)
  15 water moccasins
  16 porcupines
  A black bear (D:12)
  A hornet zombie (D:15)
  40 orc warriors
  A slave (D:8)
  7 swamp drakes
  3 sky beasts
  5 ice beasts
  19 ogres
  3 phantoms
  9 wolves
  16 centaurs
  19 crocodiles
  The ghost of DEFE the Ducker, an amateur DEAK of Lugonu (D:3)
  Blork the orc (D:6)
  3 big kobolds
  24 bullfrogs
  Dowan (D:5)
  A wyvern skeleton (D:8)
  2 wyvern zombies
  14 scorpions
  3 killer bees (D:10)
  4 howler monkeys (D:12)
  13 wights
  An electric eel (Lair:4)
  A lava snake (Lair:4)
  2 quasits
  4 crimson imps
  A gnoll shaman (D:8)
  An iron imp (Depths:1)
  2 bullfrog zombies
  2 centaur zombies
  2 jellies
  12 orc priests
  Crazy Yiuf (D:2)
  8 hounds
  18 orc wizards
  3 bullfrog skeletons
  3 centaur skeletons
  4 iguanas
  6 worker ants
  A hound skeleton (D:8)
  A howler monkey zombie (D:8)
  2 worker ant zombies
  11 gnolls
  26 adders
  A river rat (Sewer)
  3 shadow imps
  An ooze (D:1)
  2 adder skeletons
  2 adder zombies
  3 worms
  A dart slug (D:1)
  4 leopard geckos
  69 orcs
  10 giant cockroaches
  4 goblins
  11 hobgoblins
  9 kobolds
  7 quokkas
  6 ball pythons
  13 bats
  3 frilled lizards
  A jackal skeleton (D:7)
  A leopard gecko zombie (D:5)
  A quokka skeleton (D:6)
  3 quokka zombies
  15 rats
  A fungus (Lair:2)
  4 plants
1184 creatures vanquished.

Vanquished Creatures (others)
  2 naga sharpshooters
  A naga ritualist (Snake:3)
  A black mamba (Snake:1)
  A rime drake (Lair:3)
  A crimson imp (D:8)
  A bullfrog skeleton (D:8)
  A jelly (D:8)
  An adder (Lair:3)
  An orc (D:8)
  A quokka zombie (D:8)
  A bush (Lair:4)
  13 fungi
  30 plants
  5 toadstools (D:1)
60 creatures vanquished.

Grand Total: 1244 creatures vanquished

Notes
Turn   | Place    | Note
-------+----------+-------------------------------------------
     0 | D:1      | HAL9000 the Gargoyle Gladiator began the quest for the Orb.
     0 | D:1      | Reached XP level 1. HP: 12/12 MP: 1/1
   158 | D:1      | Reached skill level 3 in Long Blades
   166 | D:1      | Reached XP level 2. HP: 9/17 MP: 2/2
   614 | D:1      | Reached XP level 3. HP: 14/21 MP: 3/3
   846 | D:1      | Reached skill level 4 in Long Blades
  1021 | D:2      | Found a runed door.
  1180 | D:2      | Found a faded altar of an unknown god.
  1193 | D:2      | Reached XP level 4. HP: 26/26 MP: 4/4
  1308 | D:2      | Found a radiant altar of Vehumet.
  1593 | D:2      | Noticed Crazy Yiuf
  1602 | D:2      | Killed Crazy Yiuf
  1666 | D:3      | Found a glowing golden altar of the Shining One.
  1666 | D:3      | Found an ornate altar of the Wu Jian Council.
  1666 | D:3      | Found a deep blue altar of Sif Muna.
  1666 | D:3      | Found a sacrificial altar of Ru.
  1666 | D:3      | Found a hide-covered altar of Uskayaw.
  1688 | D:3      | Became a worshipper of the Wu Jian Council
  1849 | D:3      | Noticed DEFE's ghost (amateur DEAK)
  1867 | D:3      | Killed DEFE's ghost
  1867 | D:3      | Reached skill level 5 in Long Blades
  1867 | D:3      | Reached XP level 5. HP: 22/30 MP: 5/5
  2043 | D:3      | Reached skill level 6 in Long Blades
  2043 | D:3      | Reached XP level 6. HP: 15/35 MP: 2/6
  2713 | D:3      | Found a shattered altar of Ashenzari.
  2796 | D:4      | Found a glowing drain.
  2814 | D:4      | Found a staircase to the Ecumenical Temple.
  2842 | D:4      | Reached * piety under Wu Jian
  3107 | Sewer    | Entered a sewer
  3305 | Sewer    | Found a white marble altar of Elyvilon.
  3408 | D:4      | Reached skill level 7 in Long Blades
  3408 | D:4      | Reached XP level 7. HP: 21/40 MP: 3/7
  4018 | D:4      | Found an opulent altar of Gozag.
  4035 | D:4      | Reached skill level 8 in Long Blades
  4132 | D:4      | Reached XP level 8. HP: 42/44 MP: 8/8
  4573 | D:4      | Reached ** piety under Wu Jian
  4703 | D:4      | Reached skill level 9 in Long Blades
  4815 | D:5      | Entered Level 5 of the Dungeon
  4891 | D:5      | Noticed Edmund
  4902 | D:5      | Killed Edmund
  5094 | D:5      | Found an iron altar of Okawaru.
  5357 | D:5      | You fall through a shaft for 3 floors!
  5357 | D:8      | Noticed a hornet
  5368 | D:7      | Killed a hornet
  5368 | D:7      | Reached skill level 10 in Long Blades
  5458 | D:7      | Noticed Joseph
  5477 | D:7      | Killed Joseph
  5477 | D:7      | Reached XP level 9. HP: 38/48 MP: 7/9
  5557 | D:7      | Reached skill level 11 in Long Blades
  5948 | D:6      | Noticed Blork the orc
  5963 | D:6      | Killed Blork the orc
  6329 | D:5      | Noticed Duvessa
  6334 | D:5      | Noticed Dowan
  6338 | D:5      | Killed Duvessa
  6341 | D:5      | Killed Dowan
  6427 | D:6      | Found a shadowy altar of Dithmenos.
  7131 | D:6      | Reached skill level 12 in Long Blades
  7402 | D:7      | Noticed Menkaure
  7417 | D:7      | Killed Menkaure
  7667 | D:7      | Reached *** piety under Wu Jian
  7667 | D:7      | Reached XP level 10. HP: 51/53 MP: 8/10
  8286 | D:8      | Noticed Pikel
  8303 | D:8      | Paralysed by Pikel for 6 turns
  8324 | D:8      | Killed Pikel
  8324 | D:8      | Reached skill level 13 in Long Blades
  9244 | D:8      | Found a sparkling altar of Nemelex Xobeh.
  9317 | D:9      | Found a staircase to the Lair.
  9428 | D:8      | Reached **** piety under Wu Jian
  9584 | D:9      | Found a staircase to the Orcish Mines.
  9584 | D:9      | Noticed a red ugly thing
  9641 | D:9      | Reached skill level 14 in Long Blades
  9859 | D:9      | Reached XP level 11. HP: 50/57 MP: 11/11
 10064 | D:9      | Killed a red ugly thing
 10071 | D:9      | Reached skill level 15 in Long Blades
 10320 | D:9      | Reached skill level 1 in Armour
 10347 | D:9      | Noticed Wiebster667's ghost (novice HuIE)
 10372 | D:9      | Killed Wiebster667's ghost
 10540 | D:9      | Found Hosche Gyagg's Antique Armour Shop.
 10803 | D:10     | Entered Level 10 of the Dungeon
 11510 | D:10     | Got a slimy bronze ring
 11512 | D:10     | Identified the ring "Mulyoxze" {rF+ rC+ MR+++ Int-5 Slay+2} (You found it on level 10 of the Dungeon)
 11870 | D:10     | Noticed an unseen horror
 11888 | D:10     | Killed an unseen horror
 12323 | D:11     | Noticed a cyan ugly thing
 12341 | D:11     | Killed a cyan ugly thing
 12341 | D:11     | Reached skill level 5 in Fighting
 12463 | D:11     | Reached XP level 12. HP: 61/68 MP: 10/12
 12508 | D:11     | Learned a level 2 spell: Blink
 13146 | D:12     | Noticed a two-headed ogre
 13156 | D:12     | Reached skill level 5 in Shields
 13169 | D:12     | Killed a two-headed ogre
 13170 | D:12     | Noticed a sphinx
 13212 | D:13     | HP: 1/68 [orc priest/divine providence (8)]
 14596 | D:12     | Noticed a stone giant
 14618 | D:12     | Killed a stone giant
 14947 | D:10     | Got a slimy rapier
 14948 | D:10     | Identified the +5 rapier "Xyqali" {venom, rPois Stlth+} (You found it on level 10 of the Dungeon)
 15002 | Lair:1   | Entered Level 1 of the Lair of Beasts
 15445 | Lair:1   | Found a burning altar of Makhleb.
 15475 | Lair:1   | Reached skill level 10 in Shields
 16368 | Lair:1   | Identified 2 scrolls of acquirement
 16369 | Lair:1   | Got a warped falchion
 16372 | Lair:1   | Identified the +7 falchion of Bread {protect, rElec Str+3 Dex-2} (You acquired it on level 1 of the Lair of Beasts)
 16569 | Lair:2   | Reached XP level 13. HP: 67/72 MP: 13/13
 17195 | Lair:3   | Reached ***** piety under Wu Jian
 17667 | Lair:3   | Found a staircase to the Snake Pit.
 17889 | Lair:3   | Found a staircase to the Swamp.
 19077 | Lair:4   | Reached skill level 16 in Long Blades
 19182 | Lair:4   | Reached skill level 5 in Armour
 19658 | Snake:1  | Entered Level 1 of the Snake Pit
 19864 | Lair:4   | Gained mutation: Your large and strong wings let you fly indefinitely. [Gargoyle growth]
 19864 | Lair:4   | Reached XP level 14. HP: 70/80 MP: 14/14
 21281 | Lair:5   | Noticed Lochraine's ghost (journeyman DrTm)
 21305 | Lair:5   | Killed Lochraine's ghost
 21721 | Lair:6   | Entered Level 6 of the Lair of Beasts
 22383 | Lair:6   | Got an ancient helmet
 22394 | Lair:6   | Identified the +2 helmet of the Moon Troll {Int+4} (You found it on level 6 of the Lair of Beasts)
 22797 | Lair:6   | Found a staircase to the Slime Pits.
 23439 | Lair:5   | Reached XP level 15. HP: 91/91 MP: 15/15
 23456 | Lair:5   | Reached skill level 15 in Shields
 23593 | Lair:1   | Learned a level 1 spell: Apportation
 23597 | Lair:1   | Learned a level 3 spell: Teleport Other
 24427 | D:14     | Reached skill level 10 in Fighting
 24477 | D:14     | Found a gate to the Vaults.
 24497 | D:14     | Reached skill level 1 in Evocations
 24707 | D:14     | Reached skill level 5 in Throwing
 24827 | D:14     | Reached skill level 10 in Armour
 25414 | D:15     | Entered Level 15 of the Dungeon
 25535 | D:15     | Got an ancient chain mail
 25576 | D:15     | Identified the cursed +1 chain mail of Midnight {Int+2 Dex-2 Slay+3} (You found it on level 15 of the Dungeon)
 25954 | D:15     | Found a staircase to the Depths.
 26468 | D:12     | Noticed a frost giant
 26477 | D:12     | Killed a frost giant
 26479 | D:12     | Got a smoking great sword {protect}
 26540 | D:12     | Identified the +3 great sword of the Gnat {protect, +Inv rF+ rN+} (You took it off a frost giant on level 12 of the Dungeon)
 26596 | D:12     | Reached ****** piety under Wu Jian
 26689 | D:12     | Noticed a frost giant
 26702 | D:12     | Killed a frost giant
 26708 | D:12     | Noticed a shadow dragon
 26721 | D:12     | Killed a shadow dragon
 26818 | D:12     | Reached XP level 16. HP: 96/100 MP: 19/19
 26842 | D:12     | Got a steaming rapier {vamp}
 26854 | D:12     | Got a pair of brightly glowing boots
 26869 | D:12     | Identified the cursed +0 pair of boots "Techub" {rN+ Regen+ Int+4} (You found it on level 12 of the Dungeon)
 27382 | Orc:1    | Entered Level 1 of the Orcish Mines
 27469 | Orc:1    | Noticed Erica
 27479 | Orc:1    | Killed Erica
 27886 | Orc:2    | Entered Level 2 of the Orcish Mines
 27886 | Orc:2    | Found a staircase to the Elven Halls.
 28339 | Orc:2    | Reached skill level 5 in Evocations
 28390 | Orc:2    | Found Pelaba's Book Boutique.
 28390 | Orc:2    | Found Ziveawihutz's General Store.
 28390 | Orc:2    | Found Ticouxto's Armour Emporium.
 28616 | Orc:2    | Found Goomimnu's Jewellery Shop.
 28623 | Orc:2    | Bought a scroll of enchant weapon for 120 gold pieces
 28631 | Orc:2    | Bought a +4 ring of slaying for 1170 gold pieces
 29011 | Swamp:1  | Entered Level 1 of the Swamp
 29959 | Swamp:2  | Noticed a thorn hunter
 29967 | Swamp:2  | Killed a thorn hunter
 30280 | Swamp:2  | Noticed Donald
 30293 | Swamp:2  | Killed Donald
 30597 | Swamp:3  | Noticed a thorn hunter
 30609 | Swamp:3  | Killed a thorn hunter
 30985 | Swamp:3  | Noticed a thorn hunter
 30993 | Swamp:3  | Killed a thorn hunter
 31186 | Swamp:3  | Reached XP level 17. HP: 80/108 MP: 22/22
 31400 | Swamp:4  | Entered Level 4 of the Swamp
 31820 | Swamp:4  | Got a decaying rune of Zot
 31951 | Swamp:4  | Noticed Louise
 31974 | Swamp:4  | Killed Louise
 32200 | Swamp:4  | Noticed Kirke
 32200 | Swamp:4  | Noticed Aizul
 32216 | Swamp:4  | Killed Aizul
 32230 | Swamp:4  | Killed Kirke
 32733 | Snake:1  | Noticed Josephine
 32763 | Snake:1  | Killed Josephine
 32944 | Snake:1  | Noticed Roxanne
 33071 | Snake:1  | Killed Roxanne
 33470 | Snake:1  | Found a gateway to a bazaar.
 33542 | Bazaar   | Entered a bazaar
 33542 | Bazaar   | Found Juxtul's Armour Shop.
 33547 | Bazaar   | Found Pahoal's Armour Shoppe.
 33553 | Bazaar   | Found Hyuwet's Book Emporium.
 33555 | Bazaar   | Found Kiseniu's Antique Weapon Shop.
 34185 | Snake:2  | Reached XP level 18. HP: 71/116 MP: 24/24
 34391 | Snake:2  | Reached skill level 10 in Throwing
 35245 | Snake:3  | Found a sparkling altar of Nemelex Xobeh.
 35342 | Snake:3  | Reached skill level 5 in Dodging
 35677 | Snake:4  | Entered Level 4 of the Snake Pit
 36033 | Snake:4  | Reached XP level 19. HP: 61/123 MP: 26/26
 36039 | Snake:4  | Reached skill level 10 in Evocations
 36266 | Snake:4  | Got a serpentine rune of Zot
 36682 | Snake:4  | Upgraded the game from 0.20-a0-1122-gb7cbeb9 to 0.20-a0-1124-g2e29d97
 36804 | Snake:4  | Reached skill level 15 in Fighting
 37547 | Depths:1 | Entered Level 1 of the Depths
 38157 | Depths:1 | Found Niss's Blood Bar.
 38346 | Depths:1 | Found a gateway to Hell.
 38589 | Depths:2 | Noticed the Enchantress
 38592 | Depths:2 | Killed from afar by a spriggan air mage

Vault maps used:
D:1:      ldierk_walled_garden, fountainhead
D:2:      vehumet_crystals, first_bread, chequers_ecumenical_altar_island,
          st_stairs_1, serial_bayou_pond_e, uniq_crazy_yiuf_cottage
D:3:      overflow_temple_1_default, grunt_temple_overflow_open
D:4:      overflow_temple_1_default, minmay_temple_entry_junction,
          gup_sewer_entry_glass
D:5:      okawaru_gym_becter, uniq_duvessa, uniq_edmund
D:6:      kennysheep_diamond, grunt_decor_mini_mirrors,
          grunt_dithmenos_smoke_and_mirrors, uniq_blork_the_orc
D:7:      uniq_joseph, uniq_menkaure
D:8:      nemelex_diamond_rough_becter, uniq_pikel
D:9:      minmay_lair_entry_grove, serial_shops, nicolae_shop_crystal
D:10:     hangedman_fish_farm, kennysheep_doodads
D:11:     minmay_bloctagon_deflated
D:12:     minmay_the_grid_3x2
D:13:     lab_entry_generic
D:14:     erik_vaults_2, minmay_misc_feat_doors, einodemon_barbed_minivault
D:15:     hangedman_depths_entry_civil_slaughter, minmay_misc_feat_encased,
          grunt_ministairs_11
Lair:1:   basic_altar, grunt_forest_stairs_basic
Lair:2:   minmay_lair_venomous_thicket
Lair:3:   minmay_swamp_entry_worms, minmay_snake_entry_six_corridors,
          bobbens_dragon_lair_wall, grunt_megastairs_1
Lair:4:   lemuel_fruit_tree, infiniplex_staircase_pool, serial_bayou_shore_a
Lair:5:   st_stairs_13, minmay_lair_oklob_chamber, grunt_megastairs_2
Lair:6:   minmay_lair_end_frog_pond, minmay_slime_entry_oklob_open
Swamp:1:  hangedman_swamp_pad
Swamp:2:  evilmike_swamp_ruin_rubble_2, uniq_donald
Swamp:3:  evilmike_swamp_ruin_house_4, swamp_pool4, infiniplex_staircase_pool_2
Swamp:4:  swamp_alternative, uniq_louise, uniq_kirke, uniq_aizul
Snake:1:  serial_shops, bzr_entry_safe, minmay_snake_pond, uniq_roxanne,
          uniq_josephine
Snake:2:  grunt_megastairs_4
Snake:3:  basic_altar
Snake:4:  minmay_snake_end_coiled
Orc:1:    uniq_erica
Orc:2:    st_orc_rangers
Depths:1: grunt_hell_entry_dis_grunt, guppyfry_shop_blood,
          roderic_lattice_octagonal_star
Depths:2: kennysheep_cluttered_fort, hell_entry, minmay_holes,
          serial_bayou_shore_b, uniq_enchantress, uniq_sojobo, uniq_jorgrun,
          uniq_nikola
Bazaar:   bazaar_jpeg_triangle_bulge
Sewer:    sewer_kobolds

Skill      XL: |  1  2  3  4  5  6  7  8  9 10 11 12 13 14 15 16 17 18 19 |
---------------+----------------------------------------------------------+-----
Long Blades    | 3 4 5 6 7 8 10 12 14 15 16 | 16.0
Throwing       | 4 6 8 9 10 11 | 11.3
Armour         | 4 5 9 10 12 13 14 | 14.8
Fighting       | 5 6 9 11 12 13 14 15 | 15.3
Shields        | 4 11 13 14 15 | 15.2
Evocations     | 4 6 8 9 10 | 10.3
Dodging        | 3 5 6 |  6.9

Action                   |  1- 3 |  4- 6 |  7- 9 | 10-12 | 13-15 | 16-18 | 19-21 || total
-------------------------+-------+-------+-------+-------+-------+-------+-------++-------
Melee: Long sword        |   123 |   203 |   397 |   182 |       |       |       ||   905
       Scimitar          |       |       |       |   873 |       |    97 |       ||   970
       Double sword      |       |       |       |    22 |  1649 |  1654 |   258 ||  3583
Throw: Throwing net      |       |     5 |     1 |       |     1 |       |       ||     7
       Tomahawk          |       |       |    11 |     1 |       |     9 |       ||    21
Invok: Serpent's Lash    |       |       |       |     5 |    14 |     3 |       ||    22
       Heavenly Storm    |       |       |       |       |       |       |     1 ||     1
 Abil: Fly               |       |       |       |       |     1 |       |       ||     1
Evoke: Wand              |       |       |     3 |     3 |     2 |     3 |       ||    11
  Use: Scroll            |       |     2 |     3 |    20 |    10 |    13 |       ||    48
       Potion            |       |       |     3 |     5 |     2 |     4 |       ||    14
 Stab: Held in net/web   |       |     3 |       |       |     2 |       |       ||     5
       Distracted        |       |       |       |       |     1 |       |       ||     1
  Eat: Chunk             |     1 |     7 |    14 |    29 |    37 |    22 |     5 ||   115
       Fruit             |       |       |       |     2 |       |       |     5 ||     7
       Bread ration      |       |       |       |       |       |     2 |       ||     2
Armor: Leather armour    |    16 |       |       |       |       |       |       ||    16
       Plate armour      |    96 |   144 |   231 |   538 |   762 |       |       ||  1771
       Chain mail        |       |       |       |       |    51 |   706 |    85 ||   842
Dodge: Dodged            |    67 |    64 |   104 |   225 |   542 |   415 |    48 ||  1465
Block: Buckler           |       |       |       |    20 |       |       |       ||    20
       Shield            |       |       |       |   183 |   946 |  1229 |   182 ||  2540
       Reflection        |       |       |       |       |       |   102 |    30 ||   132
       Rpst.: Long sword |    19 |    16 |    28 |    14 |       |       |       ||    77
       Scimitar          |       |       |       |    52 |       |     4 |       ||    56
       Double sword      |       |       |       |     2 |    89 |    55 |     8 ||   154
